cohdb
Replays
Latest Replays
All Replays
Popular Replays
Top Player Replays
Match Explorer
How It Works
Community
CoH3 Stats
Reddit
Sign in to upload your games and track your stats! →
Sign in with Steam
Match 44527562
Unlisted
Match 44527562
Overview
Messages
Build Orders
End
Kradschützen Motorcycle Team
Selects Italian Combined Arms Battlegroup
Selects Bersaglieri Squad
Bersaglieri Squad
Bersaglieri Squad
Construct Light Support Kompanie
Bersaglieri Squad
Selects Bersaglieri Bolster
2.5-tonne Medical Truck
MG34 Team
Fire Support Elements
Panzerjäger Mechanized Group
Combat Half-tracks
Selects Breda Model 30 Light Machine Guns
Pak 38 Anti-tank Gun Team
MG34 Team
Bersaglieri Squad
Assault Mechanized Group
Construct Panzerarmee Kommand
Selects Semovente da 75/18 Assault Gun
Selects Strafing Run
Selects Artillery Cover
Walking Stuka Rocket Launcher
Artillery Cover
Artillery Cover
Armored Reserves
Tiger Heavy Tank
Artillery Cover
Panzerpioneer Squad
Strafing Run
Pak 38 Anti-tank Gun Team
Artillery Cover
StuG Assault Group
Flak 36 Anti-tank Gun Team
2.5-tonne Medical Truck
Strafing Run
Bersaglieri Squad
SMOKO
凪
沐雨轻然
《第二十一条军规》
Thomas Shelby
杨司令
JT
asfgdfgs
0
0
Comments
sign in to comment!
No comments posted yet!